 Dungeon Crawl Stone Soup version 0.28.0-53-g5a82cb258f (webtiles) character file.

Game seed: 18101281996915269466

3425 issech the Fighter (level 9, -1/72 HPs)
             Began as a Minotaur Monk on June 6, 2022.
             Was a Believer of Hepliaklqana.
             Slain by a gnoll sergeant
             ... wielding a +0 halberd
              (2 damage)
             ... in a bailey.
             The game lasted 00:23:50 (7456 turns).

issech the Fighter (Minotaur Monk)                  Turns: 7456, Time: 00:23:51

Health: -1/72      AC: 16    Str: 16    XL:     9   Next: 76%
Magic:  8/8        EV: 11    Int:  7    God:    Hepliaklqana [**....]
Gold:   423        SH:  0    Dex: 17    Spells: 8/8 levels left

rFire   . . .      SeeInvis .   F - +8 Vampire's Tooth {vamp}
rCold   . . .      Faith    .   (no shield)
rNeg    . . .      Spirit   .   U - +2 plate armour
rPois   +          Reflect  .   (helmet restricted)
rElec   .          Harm     .   (no cloak)
rCorr   .          Rampage  .   l - +0 pair of gloves
Will    .....                   (no boots)
Stlth   ..........              (no amulet)
HPRegen 0.22/turn               s - ring of poison resistance
MPRegen 0.11/turn               w - +4 ring of evasion

@: no status effects
A: reduced essence, horns 2, retaliatory headbutt
a: Renounce Religion, Recall Ancestor, Ancestor Identity


You were in a bailey.
You worshipped Hepliaklqana.
Hepliaklqana was pleased with you.
You visited 2 branches of the dungeon, and saw 9 of its levels.
You also visited: Bailey.

You collected 423 gold pieces.

Inventory:

Hand Weapons
 d - a +1 scythe of venom
 e - a +4 glaive
 r - a +5 scimitar
 y - the +10 short sword of Infection {drain, Will+}
   (You found it in a bailey)

   A truly terrible weapon, it drains the life of any living foe it strikes.
   Will:      It increases your willpower.
 A - a +3 hunting sling
 F - the +8 Vampire's Tooth (weapon) {vamp}
   (You found it on level 5 of the Dungeon)

   It occasionally heals its wielder for the full amount of damage dealt when it
   wounds a living foe.
 M - a +5 great sword
 O - a +4 scimitar of holy wrath
 Q - a +0 hand crossbow
 S - a +3 dagger of protection
 T - a +0 war axe
 Y - a +3 flail
Missiles
 f - 50 arrows
 g - 238 stones (quivered)
 i - 2 atropa-tipped darts
 o - 7 throwing nets
 t - 31 bolts
 x - a curare-tipped dart
 E - 3 boomerangs
 G - 13 sling bullets
Armour
 l - a +0 pair of gloves (worn)
 B - the +1 robe of Ohaongoa {Int+4}
   (You found it in a bailey)

   Int:       It affects your intelligence (+4).
 U - a +2 plate armour (worn)
 V - a +0 robe of fire resistance
Magical Staves
 z - a staff of fire
Jewellery
 s - a ring of poison resistance (left hand)
 w - a +4 ring of evasion (right hand)
 W - a ring of resist corrosion
Wands
 a - a wand of flame (22)
 u - a wand of paralysis (7)
 J - a wand of iceblast (11)
 N - a wand of digging (5)
Scrolls
 c - 2 scrolls of magic mapping
 h - a scroll of blinking
 k - 4 scrolls of teleportation
 m - a scroll of holy word
 p - 5 scrolls of fog
 C - a scroll of noise
 P - a scroll of summoning {unknown}
 R - a scroll of silence {unknown}
Potions
 b - 2 potions of invisibility {unknown}
 j - 3 potions of brilliance
 n - 2 potions of flight {unknown}
 q - 3 potions of curing
 v - 2 potions of heal wounds {unknown}
 H - 2 potions of resistance {unknown}
 L - a potion of ambrosia {unknown}


   Skills:
 + Level 8.2 Fighting
 + Level 7.2 Short Blades
 + Level 6.7 Axes
 + Level 4.4 Slings
 + Level 7.8 Armour
 + Level 5.4 Dodging
 + Level 3.3 Stealth


You had 8 spell levels left.
You didn't know any spells.
Your spell library contained the following spells:

 Spells                   Type           Power      Damage    Failure   Level
 Animate Skeleton         Necr           0%         N/A       100%        1
 Apportation              Tloc           0%         N/A       100%        1
 Slow                     Hex            0%         N/A       100%        1
 Summon Small Mammal      Summ           0%         N/A       100%        1
 Ensorcelled Hibernation  Hex/Ice        0%         N/A       100%        2
 Frozen Ramparts          Ice            0%         1d2       100%        3
 Tukima's Dance           Hex            0%         N/A       100%        3
 Anguish                  Hex/Necr       0%         N/A       100%        4
 Animate Dead             Necr           0%         N/A       100%        4
 Summon Ice Beast         Ice/Summ       0%         N/A       100%        4
 Freezing Cloud           Conj/Ice/Air   0%         6-21      100%        5
 Enfeeble                 Hex            0%         N/A       100%        7
 Haunt                    Necr/Summ      0%         N/A       100%        7
 Infestation              Necr           0%         N/A       100%        8


Dungeon Overview and Level Annotations

Branches:
Dungeon (8/15)             Temple (1/1) D:6          Bailey (1/1)
   Lair: D:8-11

Altars:
Ashenzari
Cheibriados
Dithmenos
Elyvilon
Fedhas
Gozag
Hepliaklqana
Kikubaaqudgha
Makhleb
Nemelex Xobeh
Okawaru
Ru
Sif Muna
Trog
Uskayaw
Vehumet
Wu Jian
Xom
Yredelemnul
Zin
The Shining One

Shops:
D:3 :   D:7 *


Innate Abilities, Weirdness & Mutations

Your life essence is reduced to manifest your ancestor. (-10% HP)
You have a pair of horns on your head.
You reflexively headbutt those who attack you in melee.


Message History

The gnoll sergeant hits you with a +0 halberd.
* * * LOW HITPOINT WARNING * * *
The wolf bites you but does no damage.
You hit the gnoll sergeant but do no damage.
The gnoll sergeant is almost dead.
The gnoll shaman hits you from afar with a +0 spear.
* * * LOW HITPOINT WARNING * * *
You barely miss the gnoll sergeant.
You headbutt the gnoll sergeant, but do no damage.
The gnoll sergeant is almost dead.
The wolf barely misses you.
Unknown command.
Okay, then.
You hit the gnoll sergeant.
You kill the gnoll sergeant!
The gnoll sergeant hits you from afar with a +0 halberd.
* * * LOW HITPOINT WARNING * * *
The gnoll shaman closely misses you.
You hit the wolf.
You feel better.
The wolf is severely wounded.
The wolf bites you but does no damage.
You barely miss the wolf. Your headbutt misses the wolf.
The wolf is severely wounded.
The gnoll sergeant barely misses you. The gnoll shaman closely misses you.
You hit the wolf.
The wolf is almost dead.
The wolf barely misses you. You furiously retaliate!
You headbutt the wolf.
You kill the wolf!
The gnoll sergeant closely misses you.
The gnoll shaman hits you from afar with a +0 trident.
* * * LOW HITPOINT WARNING * * *
The gnoll shaman calls down the wrath of its god upon you.
You easily resist.
The gnoll shaman calls upon its god to speed up the gnoll shaman.
The gnoll shaman seems to speed up.
The gnoll sergeant closely misses you.
The gnoll sergeant hits you from afar with a +0 halberd.
* * * LOW HITPOINT WARNING * * *
There is an open door here.
The gnoll sergeant hits you from afar with a +0 halberd.
You die...

♣♣♣...........♣♣♣
♣♣.......[[......♣
♣♣≈≈≈≈≈≈≈...≈≈≈≈≈≈≈
♣≈≈...)...........≈
♣≈.))..............
♣≈.######[''######.
♣≈.# #[[[#....#
♣≈#####+#...#'#####
♣≈#.....#.@.#.....#
♣≈#8... ##'##....8#
♣≈#....##.g.##....#
♣≈#...##.gg..##...#
♣≈#.)g#.......#...#
♣≈###'#...8...#...#≈♣
♣≈#...#.......#...#≈♣
♣≈#.g.##.....##...#≈♣
♣≈#....##)..##....#≈♣


You could see a gnoll sergeant (fast) and 2 gnoll shamans.

Vanquished Creatures
  An orc warrior (D:7)
  3 necrophages
  3 ogres
  5 wolves (Bailey)
  A centaur (D:6)
  A phantom (D:5)
  A kobold brigand (D:4)
  Blork the orc (D:6)
  A wyvern zombie (D:7)
  5 gnoll sergeants (Bailey)
  A scorpion (D:5)
  A water moccasin zombie (D:5)
  5 killer bees (D:5)
  3 wights (D:8)
  3 jellies (D:6)
  3 hounds
  2 bullfrog skeletons (D:5)
  6 gnoll shamans
  3 orc wizards
  2 hound skeletons
  A howler monkey zombie (D:7)
  4 adders
  12 gnolls
  An ufetubus (D:4)
  A worm (D:3)
  2 dart slugs
  3 orcs (D:4)
  4 bats
  3 endoplasms
  2 giant cockroaches
  8 goblins
  4 hobgoblins
  3 jackals (D:1)
  2 quokkas (D:1)
  5 ball pythons
  4 frilled lizards (D:1)
  4 kobolds
  8 rats
122 creatures vanquished.

Vanquished Creatures (collateral kills)
  2 sky beasts
  A centaur (D:6)
  2 gnoll sergeants (Bailey)
  A wight (D:8)
  A gnoll shaman (Bailey)
  10 gnolls
  2 goblins (D:8)
19 creatures vanquished.

Vanquished Creatures (others)
  2 battlemagi (Bailey)
  A plant (D:2)
3 creatures vanquished.

Grand Total: 144 creatures vanquished

Notes
Turn   | Place    | Note
-------+----------+-------------------------------------------
     0 | D:1      | issech the Minotaur Monk began the quest for the Orb.
     0 | D:1      | Reached XP level 1. HP: 19/19 MP: 0/0
    31 | D:1      | Got the Grimoire of Cold
   355 | D:1      | Found a faded altar of an unknown god.
   381 | D:1      | Got Plato's Volume of Enchantment
   435 | D:1      | Reached XP level 2. HP: 24/27 MP: 1/1
   596 | D:1      | Reached skill level 4 in Fighting
   929 | D:2      | Reached XP level 3. HP: 33/33 MP: 2/2
  1628 | D:2      | Reached XP level 4. HP: 41/41 MP: 3/3
  2347 | D:3      | Found Ymirchus's Book Boutique.
  2649 | D:4      | Noticed an ogre
  2676 | D:4      | Killed an ogre
  2677 | D:4      | Reached skill level 5 in Axes
  2677 | D:4      | Reached skill level 1 in Slings
  2677 | D:4      | Reached XP level 5. HP: 34/47 MP: 4/4
  2824 | D:4      | Reached skill level 5 in Fighting
  2824 | D:4      | Reached skill level 1 in Armour
  2824 | D:4      | Reached XP level 6. HP: 38/56 MP: 5/5
  3248 | D:5      | Entered Level 5 of the Dungeon
  3413 | D:5      | Found the +8 Vampire's Tooth {vamp}
  3789 | D:5      | Reached XP level 7. HP: 57/61 MP: 6/6
  3981 | D:5      | Reached skill level 1 in Short Blades
  4155 | D:5      | Reached skill level 5 in Dodging
  4235 | D:5      | Reached XP level 8. HP: 64/70 MP: 7/7
  4627 | D:6      | Found a staircase to the Ecumenical Temple.
  4637 | Temple   | Entered the Ecumenical Temple
  4645 | Temple   | Became a worshipper of Hepliaklqana the Forgotten
  4645 | Temple   | Reached * piety under Hepliaklqana
  4645 | Temple   | Reached ** piety under Hepliaklqana
  4646 | Temple   | Remembered your ancestor Ayize as a battlemage
  4843 | D:6      | Reached skill level 6 in Fighting
  4844 | D:6      | Reached skill level 5 in Armour
  5022 | D:6      | Noticed Blork the orc
  5030 | D:6      | Killed Blork the orc
  5509 | D:7      | Found Defanev's Assorted Antiques.
  5521 | D:7      | Reached skill level 5 in Short Blades
  5692 | D:7      | Reached XP level 9. HP: 70/70 MP: 8/8
  6488 | D:8      | Found a flagged portal.
  6512 | Bailey   | Entered a bailey
  6588 | Bailey   | Reached skill level 7 in Fighting
  6866 | Bailey   | Reached *** piety under Hepliaklqana
  7299 | Bailey   | Reached skill level 8 in Fighting
  7366 | Bailey   | Identified the +10 short sword of Infection {drain, Will+}
  7370 | Bailey   | Identified the +1 robe of Ohaongoa {Int+4}
  7445 | Bailey   | HP: 3/72 [gnoll sergeant/+0 halberd (1)]
  7454 | Bailey   | HP: 1/72 [gnoll sergeant/+0 halberd (5)]
  7456 | Bailey   | Slain by a gnoll sergeant

Illustrated notes

Levels and vault maps discovered:
D:1:      dpeg_arrival_tiny_c, layout_rooms,
          shapermc_ecumenical_altar_rom_forum, minmay_cut_off
D:2:      layout_loops_ring, serial_bayou_pond_e, minmay_diced_spiral
D:3:      layout_loops_ring, serial_shops, shop_fountains
D:4:      layout_basic, nicolae_concentric_dashed_squares_mild
D:5:      layout_loops_ring, serial_rivers, chequers_serial_rivers_micro_c,
          chequers_serial_rivers_micro_d, chequers_serial_rivers_micro_d,
          chequers_serial_rivers_small_b, chequers_serial_rivers_room_a,
          chequers_serial_rivers_micro_b, corexii_shack
D:6:      layout_loops_cross, minmay_temple_entry_arrows, chequers_mini_garden,
          uniq_blork_the_orc
D:7:      layout_loops_ring, serial_co_window_serial, co_window_paths_a,
          co_window_paths_a, co_window_corner_a, co_window_of_opportunity_a,
          co_window_paths_b, co_window_corner_a, co_window_of_opportunity_c,
          co_window_unsneaky_path_c, co_window_2corner, co_window_sun,
          glass_columns_b, glass_columns_a, serial_shops, shop, grunt_decor_cap
D:8:      layout_loops_corners, enter_bailey_3, minmay_starry_boxes
Temple:   dpeg_three_leaves_temple
Bailey:   bailey_polearm_gnolls_kennysheep, bailey

Skill      XL: |  1  2  3  4  5  6  7  8  9 |
---------------+----------------------------+-----
Fighting       | 4 5 6 8 |  8.2
Axes           | 4 5 6 |  6.7
Stealth        | 2 3 |  3.3
Dodging        | 4 5 |  5.4
Slings         | 1 2 4 |  4.4
Armour         | 1 2 4 6 7 |  7.8
Short Blades   | 2 5 7 |  7.2

Action                   |  1- 3 |  4- 6 |  7- 9 || total
-------------------------+-------+-------+-------++-------
Melee: Hand axe          |    69 |    51 |       ||   120
       Headbutt          |     3 |    14 |    66 ||    83
       Quick blade       |       |    14 |   255 ||   269
       Scythe            |       |     3 |       ||     3
       Punch             |       |       |     1 ||     1
       Short sword       |       |       |    19 ||    19
 Fire: Hunting sling     |     9 |     5 |    24 ||    38
Invok: Ancestor Life: Ba |       |       |     1 ||     1
  Use: Scroll            |       |       |    10 ||    10
       Potion            |       |       |     2 ||     2
 Stab: Sleeping          |     1 |     2 |       ||     3
       Distracted        |       |       |     3 ||     3
Armor: Robe              |    19 |       |       ||    19
       Ring mail         |       |    16 |       ||    16
       Scale mail        |       |     4 |    20 ||    24
       Chain mail        |       |       |    15 ||    15
       Plate armour      |       |       |    70 ||    70
Dodge: Dodged            |    62 |    52 |   204 ||   318
